 Dungeon Crawl Stone Soup version 0.29-a0-643-ga013cefcf8 (webtiles) character file.

Game seed: 8901800893493005581

42 zeratav the Sneak (level 3, -3/21 HPs)
             Began as a Kobold Gladiator on June 20, 2022.
             Killed by divine providence
             ... invoked by an orc priest
              (12 damage)
             ... on level 4 of the Dungeon.
             The game lasted 00:01:58 (1250 turns).

zeratav the Sneak (Kobold Gladiator)                Turns: 1250, Time: 00:01:58

Health: -3/21      AC:  4    Str: 11    XL:     3   Next: 80%
Magic:  3/3        EV: 15    Int:  9    God:
Gold:   59         SH:  0    Dex: 18    Spells: 2/2 levels left

rFire   . . .      SeeInvis .   a - +0 rapier {short}
rCold   . . .      Faith    .   (no shield)
rNeg    . . .      Spirit   .   b - +0 leather armour
rPois   .          Reflect  .   c - +0 helmet
rElec   .          Harm     .   (no cloak)
rCorr   .          Rampage  .   (no gloves)
Will    .....                   (no boots)
Stlth   ++++......              (no amulet)
HPRegen 0.07/turn               (no ring)
MPRegen 0.08/turn               (no ring)

@: no status effects
A: small, no large weapons, nightstalker 3
a: no special abilities


You were on level 4 of the Dungeon.
You visited 1 branch of the dungeon, and saw 3 of its levels.

You collected 59 gold pieces.


Innate Abilities, Weirdness & Mutations

You are small and have problems with some larger weapons.
You are completely attuned to the shadows.


   Skills:
 - Level 2.1 Fighting
 - Level 4.0 Short Blades
 - Level 2.1 Throwing
 - Level 3.6 Dodging
 + Level 4.5 Stealth


You had 2 spell levels left.
You didn't know any spells.
Your spell library was empty.

Inventory:

Hand Weapons
 a - a +0 rapier (weapon) {short}
Missiles
 d - 3 throwing nets (quivered) {=fthrowing}
 e - 2 boomerangs {throwing}
Armour
 b - a +0 leather armour (worn)
 c - a +0 helmet (worn)
Jewellery
 h - a ring of protection from cold
   (You found it on level 2 of the Dungeon)
Scrolls
 g - a scroll of poison {unknown}
 i - a scroll of identify {unknown}
Potions
 f - a potion of curing {unknown}

Dungeon Overview and Level Annotations

Branches:
Dungeon (2/15) Zot: 16743

Altars:

#..# #.## ##.#
##..# #...#
#...# ##..#
#.## #@# #.#
####.# ###..o.#
##......#
######.......#
#............#
#.............#
#..............


You could see an orc priest.


Message History

You are too injured to fight recklessly!
You are too injured to fight recklessly!
You are too injured to fight recklessly!
You are too injured to fight recklessly!
You are too injured to fight recklessly!
You are too injured to fight recklessly!
You are too injured to fight recklessly!
You are too injured to fight recklessly!
You are too injured to fight recklessly!
You are too injured to fight recklessly!
You are too injured to fight recklessly!
You are too injured to fight recklessly!
You are too injured to fight recklessly!
You are too injured to fight recklessly!
You hit the kobold. The kobold closely misses you.
You miss the kobold. The kobold hits you but does no damage.
You hit the kobold but do no damage. The kobold closely misses you.
You hit the kobold but do no damage. The kobold closely misses you.
You barely miss the kobold.
The kobold hits you with a +0 short sword.
HP[-4]
You take 4 damage, and now have 11/21 hp.
You hit the kobold but do no damage. The kobold misses you.
HP[+1]
You puncture the kobold!
You kill the kobold!
Things that are here:
a +0 short sword {short}; 4 stones {throwing}
Things that are here:
a +0 short sword {short}; 4 stones {throwing}
Things that are here:
a +0 short sword {short}; 4 stones {throwing}
Found a faded altar of an unknown god.
HP[+9]
Your hp is fully restored (21).
Done exploring.
(D) Dungeon
Where to? (? - help)
There is a stone staircase leading down here.
You climb downwards.
Found a stone staircase leading up.
There is a stone staircase leading up here.
A rat comes into view.
A rat is nearby!
The rat misses you.
You barely miss the rat. The rat bites you but does no damage.
You hit the rat.
You kill the rat!
No target in view!
h - a ring of protection from cold
i - a scroll labelled IWI MEOXTIUFI A sourceless malevolence fills the Dungeon...
You fall into a shaft and drop 2 floors!
The shaft crumbles and collapses.
You now have 50 gold pieces (gained 2).
An adder comes into view.
The helpless adder fails to defend itself.
You impale the adder!!
You kill the adder!
You now have 59 gold pieces (gained 9).
A kobold comes into view. It is wielding a +0 whip.
The helpless kobold fails to defend itself.
You stick the kobold like a pincushion!!!
You kill the kobold!
An iguana comes into view.
Things that are here:
a +0 whip {mace}; a kobold corpse A necrophage comes into view.
An orc comes into view. It is wielding a +0 hand axe.
The orc moves out of view.
An orc wizard comes into view. It is wielding a +0 dagger.
The orc attacks as you move away! The orc hits you with a +0 hand axe.
HP[-2]
You take 2 damage, and now have 19/21 hp.
You closely miss the orc. The orc closely misses you.
You hit the orc. The orc completely misses you.
You hit the orc but do no damage. The orc hits you with a +0 hand axe.
HP[-5]
You take 5 damage, and now have 14/21 hp.
MASSIVE DAMAGE!! (PAUSE)
You hit the orc.
You kill the orc!
You start resting.
HP[+7]
Your hp is fully restored (21).
Found a stone staircase leading down.
An orc comes into view.
It is wielding a +0 whip and quivering boomerangs of dispersal.
An orc priest comes into view. It is wielding a +0 club.
The orc priest shouts!
You hear a shout!
The orc priest invokes the aid of Beogh against you.
Pain shoots through your body!
Ouch! That really hurt!
* * * LOW HITPOINT WARNING * * *
HP[-12]
You take 12 damage, and now have 9/21 hp.
MASSIVE DAMAGE!! (PAUSE)
The orc priest mumbles some strange prayers to Beogh against you.
Beogh smites you!
Ouch! That really hurt!
You die...

Skill      XL: |  1  2  3 |
---------------+----------+-----
Stealth        | 2 3 4 |  4.5
Fighting       | |  2.1
Short Blades   | |  4.0
Throwing       | |  2.1
Dodging        | |  3.6

Action                   || total
-------------------------++-------
Melee: Rapier            ||    58
       Punch             ||     1
 Stab: Sleeping          ||    15
Armor: Leather armour    ||    12
Dodge: Dodged            ||    30

Levels and vault maps discovered:
D:1:      ldierk_water_garden, layout_loops_ring,
          hellmonk_ecumenical_altar_watching_god
D:2:      minmay_recursive_quarters, layout_loops_ring, minivault_26,
          minmay_randomly_rotated_circles, uniq_sigmund
D:4:      kennysheep_big_flooded_room, layout_cave_pods

Notes
Turn   | Place    | Note
-------+----------+-------------------------------------------
     0 | D:1      | zeratav the Kobold Gladiator began the quest for the Orb.
     0 | D:1      | Reached XP level 1. HP: 12/12 MP: 1/1
     0 | D:1      | magus.rc [v1.9.6]
    83 | D:1      | Reached skill level 1 in Stealth
   145 | D:1      | Noticed a floating eye
   147 | D:1      | Noticed a golden eye
   156 | D:1      | Noticed a floating eye
   166 | D:1      | Noticed a golden eye
   193 | D:1      | Reached skill level 2 in Stealth
   193 | D:1      | Reached XP level 2. HP: 17/17 MP: 2/2
   327 | D:1      | Reached skill level 3 in Stealth
   370 | D:1      | Reached XP level 3. HP: 21/21 MP: 3/3
   669 | D:1      | Reached skill level 4 in Stealth
   933 | D:1      | Found a faded altar of an unknown god.
  1002 | D:2      | You fall into a shaft and drop 2 floors!
  1027 | D:4      | Noticed a necrophage
  1250 | D:4      | Killed from afar by an orc priest

Vanquished Creatures
  An adder (D:4)
  2 dart slugs (D:1)
  An orc (D:4)
  2 endoplasms (D:1)
  A giant cockroach (D:1)
  2 goblins (D:1)
  A hobgoblin (D:1)
  4 jackals (D:1)
  A quokka (D:1)
  3 ball pythons (D:1)
  A frilled lizard (D:1)
  3 kobolds
  5 rats
27 creatures vanquished.

Vanquished Creatures (others)
  4 toadstools (D:1)
4 creatures vanquished.

Grand Total: 31 creatures vanquished

Table legend:
 A = Non-vault XP
 B = Vault XP
 C = Vault XP percentage of total XP
 D = Non-vault monster count
 E = Vault monster count
 F = Vault count percentage of total count
                 A         B        C        D         E       F
            +---------+---------+-------+---------+---------+-------
      Total |      61 |       0 |   0.0 |      27 |       0 |   0.0
            +---------+---------+-------+---------+---------+-------
        D:1 |      41 |       0 |   0.0 |      23 |       0 |   0.0
        D:2 |       1 |       0 |   0.0 |       1 |       0 |   0.0
        D:4 |      19 |       0 |   0.0 |       3 |       0 |   0.0
            +---------+---------+-------+---------+---------+-------

Illustrated notes

Table legend:
 A = Kills in this place as a percentage of kills in entire the game.
 B = Kills by you in this place as a percentage of kills by you in the entire game.
 C = Kills by friends in this place as a percentage of kills by friends in the entire game.
 D = Other kills in this place as a percentage of other kills in the entire game.
 E = Experience gained in this place as a percentage of experience gained in the entire game.
 F = Experience gained in this place divided by the number of levels of this place that you have seen.
                   A       B       C       D       E      F
               +-------+-------+-------+-------+-------+----------------------
         Total | 100.0 | 100.0 |   N/A |   N/A | 100.0 |  20.3
       Dungeon | 100.0 | 100.0 |   N/A |   N/A | 100.0 |  20.3
               +-------+-------+-------+-------+-------+----------------------

Table legend: (Time is in decaauts)
 A = Elapsed time spent in this place.
 B = Non-inter-level travel time spent in this place.
 C = Inter-level travel time spent in this place.
 D = Time resting spent in this place.
 E = Time spent auto-exploring this place.
 F = Levels seen in this place.
 G = Mean time per level.
                   A        B        C        D        E       F      G
               +--------+--------+--------+--------+--------+-----+--------+
         Total |   1255 |   1237 |     18 |     93 |    865 |   3 |  418.3 |
       Dungeon |   1255 |   1237 |     18 |     93 |    865 |   3 |  418.3 |
               +--------+--------+--------+--------+--------+-----+--------+

Top non-repeatable levels by time:
     D:1: 958 daAuts
     D:4: 247 daAuts
     D:2: 49 daAuts
